 Dungeon Crawl Stone Soup version 0.30.1-11-g7821555f0a (webtiles) character file.

Game seed: 3790074768058172144

282 lonewolfV2 the Trooper (level 6, -5/51 HPs)
             Began as a Formicid Fighter on Nov 15, 2023.
             Slain by Grinder (8 damage)
             ... on level 4 of the Dungeon.
             The game lasted 00:04:00 (3184 turns).

lonewolfV2 the Trooper (Formicid Fighter)           Turns: 3184, Time: 00:04:01

Health: -5/51      AC:  6    Str: 20    XL:     6   Next: 54%
Magic:  6/6        EV:  9    Int:  8    God:
Gold:   200        SH:  5    Dex: 15    Spells: 5/5 levels left

rFire   . . .        a - +2 war axe
rCold   . . .        c - +0 buckler
rNeg    . . .        b - +0 scale mail
rPois   .            (helmet unavailable)
rElec   .            (no cloak)
rCorr   .            (no gloves)
SInv    +            (no boots)
Will    .....        (no amulet) Stlth
                     (no ring)
HPRegen 0.28/turn    (no ring)
MPRegen 0.10/turn

%: no passive effects
@: no status effects
A: permanent stasis, dig shafts and tunnels, antennae 3, four strong arms
a: Dig, Shaft Self


You were on level 4 of the Dungeon.
You visited 1 branch of the dungeon, and saw 4 of its levels.

You collected 200 gold pieces.

Inventory:

Hand Weapons
 a - a +2 war axe (weapon)
Missiles
 g - a throwing net
Armour
 b - a +0 scale mail (worn)
 c - a +0 buckler (worn)
Wands
 m - a wand of charming (3)
Scrolls
 d - 2 scrolls of identify
 e - 2 scrolls of amnesia
 j - a scroll of fear {unknown}
Potions
 f - 3 potions of brilliance
 h - a potion of heal wounds
 i - 2 potions of mutation
 k - a potion of curing
 n - a potion of flight


   Skills:
 + Level 5.2 Fighting
 + Level 5.2 Axes
 - Level 3.2 Armour
 - Level 4.0 Shields


You had 5 spell levels left.
You didn't know any spells.
Your spell library contained the following spells:

 Spells                   Type           Power      Damage    Failure   Level
 Magic Dart               Conj           0%         1d3       83%         1
 Lesser Beckoning         Tloc           0%         N/A       93%         2
 Momentum Strike          Conj/Tloc      0%         3d8       93%         2
 Searing Ray              Conj           0%         2d4       93%         2
 Gell's Gravitas          Tloc           0%         N/A       99%         3
 Teleport Other           Tloc           0%         N/A       99%         3
 Fulminant Prism          Conj/Hex       0%         3d5       100%        4
 Dispersal                Tloc           0%         N/A       100%        6
 Blink                    Tloc           Unusable   N/A       N/A         2

Dungeon Overview and Level Annotations

Branches:
Dungeon (4/15)
 Temple: D:4-7

Altars:
Hepliaklqana
Makhleb

Shops:
D:2 [

Annotations:
D:4 2 transporters, Grinder; middlethird's ghost, amateur VSMo


Innate Abilities, Weirdness & Mutations

You cannot be hasted, slowed, berserked, paralysed or teleported.
You can dig through walls and to a lower floor.
You have a pair of large antennae on your head. (SInv)
Your four strong arms can wield two-handed weapons with a shield.


Message History

Found a war axe.
Grinder comes into view.
She is carrying a wand of digging (6).
Grinder shouts!
There is an open door here.
Grinder is nearby!
Grinder says, "Tell me all your secrets, or I'll kill you."
Grinder barely misses you. Grinder hits you.
You slash Grinder!
Grinder is moderately wounded.
Grinder hits you!
You closely miss Grinder.
Grinder is moderately wounded.
Grinder blinks!
Grinder says, "DUCK!"
Grinder hits you!
You writhe in agony.
You hit Grinder.
Grinder is heavily wounded.
Grinder hits you.
You closely miss Grinder.
Grinder is heavily wounded.
Grinder closely misses you. Grinder barely misses you.
You slash Grinder!
Grinder is severely wounded.
You block Grinder's attack.
You hit Grinder.
Grinder is severely wounded.
Grinder hits you!
You writhe in agony.
* * * LOW HITPOINT WARNING * * *
You closely miss Grinder.
Grinder is severely wounded.
Grinder says, "DUCK!"
You block Grinder's attack. Grinder hits you.
* * * LOW HITPOINT WARNING * * *
You writhe in agony.
* * * LOW HITPOINT WARNING * * *
You closely miss Grinder.
Grinder is severely wounded.
Grinder hits you!
You die...

.......##############
.......#...........#
.......'...........#
.......#...........#
.......#...........#
##.....#...##'#######
#.....#####........#
#.....# #........#
#.....# #....@5..#
#.....# #........#
####### #....)...#
#........# #........#
#........# #........#
###......#


You could see Grinder.

Vanquished Creatures
  A scorpion (D:4)
  A jelly (D:4)
  4 gnolls (D:3)
  5 adders
  A white imp (D:4)
  2 worms
  4 dart slugs
  3 orcs
  7 endoplasms
  A giant cockroach (D:4)
  9 goblins
  8 hobgoblins
  7 jackals
  7 kobolds
  5 quokkas
  5 ball pythons
  7 bats
  3 frilled lizards
  4 rats
84 creatures vanquished.

Notes
Turn   | Place    | Note
-------+----------+-------------------------------------------
     0 | D:1      | lonewolfV2 the Formicid Fighter began the quest for the
                  | Orb.
     0 | D:1      | Reached XP level 1. HP: 18/18 MP: 1/1
    73 | D:1      | Reached XP level 2. HP: 22/24 MP: 2/2
   261 | D:1      | Reached XP level 3. HP: 30/30 MP: 3/3
   757 | D:2      | Reached XP level 4. HP: 26/37 MP: 4/4
  1106 | D:2      | Found Eloutal's Armour Emporium.
  1296 | D:3      | Reached XP level 5. HP: 26/42 MP: 5/5
  1626 | D:3      | Found a faded altar of an unknown god.
  2312 | D:3      | Found a hazy altar of Hepliaklqana.
  2452 | D:3      | Found a burning altar of Makhleb.
  2772 | D:4      | Noticed middlethird's ghost (amateur VSMo)
  2772 | D:4      | Noticed an ogre
  2773 | D:4      | Found a transporter.
  2774 | D:4      | Identified the +8 dire flail of Badurphuph {elec, Str+5}
  2774 | D:4      | Noticed an ogre
  2778 | D:4      | Found a transporter.
  2815 | D:4      | Reached XP level 6. HP: 47/49 MP: 6/6
  2987 | D:4      | Reached skill level 5 in Axes
  3001 | D:4      | Reached skill level 5 in Fighting
  3168 | D:4      | Noticed Grinder
  3183 | D:4      | HP: 2/51 [Grinder (2)]
  3184 | D:4      | Slain by Grinder

Illustrated notes

Levels and vault maps discovered:
D:1:      sevenhm_arrival_forest_fort_small_5, layout_loops_ring
D:2:      layout_basic, serial_shops, shop, minmay_unequal
D:3:      layout_loops_cross, nicolae_hepliaklqana_hippocampus,
          lemuel_round_altar, basic_ecumenical_altar, st_stairs_10,
          hangedman_decor_opposing, minmay_close_crescents
D:4:      layout_gridville, mainiacjoe_overflow_paths, gammafunk_ghost_smash,
          uniq_grinder, uniq_menkaure

Skill      XL: |  1  2  3  4  5  6 |
---------------+-------------------+-----
Axes           | 3 4 5 |  5.2
Fighting       | 4 5 |  5.2
Armour         | |  3.2
Shields        | |  4.0

Action                     |  1- 3 |  4- 6 || total
---------------------------+-------+-------++-------
  Melee: War axe           |    69 |   156 ||   225
    Use: Scroll            |     2 |     8 ||    10
         Potion            |       |    10 ||    10
 Armour: Scale mail        |    54 |    59 ||   113
  Dodge: Dodged            |    44 |    86 ||   130
  Block: Buckler           |    18 |    40 ||    58
